 Dungeon Crawl Stone Soup version 0.26.1-11-gd32895ea62 (webtiles) character file.

Game seed: 17139540843798487261

52 ubername the Caller (level 3, -4/24 HPs)
             Began as a Barachi Summoner on July 16, 2021.
             Slain by a gnoll
             ... wielding a +0 spear
              (9 damage)
             ... on level 3 of the Dungeon.
             The game lasted 00:04:58 (3378 turns).

ubername the Caller (Barachi Summoner)              Turns: 3378, Time: 00:04:58

Health: -4/24      AC:  2    Str:  9    XL:     3   Next: 85%
Magic:  4/7        EV: 13    Int: 16    God:
Gold:   177        SH:  0    Dex: 12    Spells: 2/8 levels left

rFire    . . .     SeeInvis .   g - +0 short sword
rCold    . . .     Faith    .   (no shield)
rNeg     . . .     Spirit   .   a - +0 robe
rPois    .         Reflect  .   (no helmet)
rElec    .         Harm     .   (no cloak)
rCorr    .         Rampage  .   (no gloves)
Will     .....                  (no boots)
Stlth    ++........             (no amulet)
HPRegen  0.08/turn              (no ring)
MPRegen  0.10/turn              (no ring)

@: slow
A: +LOS, swims, slowness 1, strong legs 1
a: Hop


You were on level 3 of the Dungeon.
You visited 1 branch of the dungeon, and saw 3 of its levels.

You collected 177 gold pieces.

Inventory:

Hand Weapons
 g - a +0 short sword (weapon)
 q - a +0 hunting sling
Missiles
 f - 3 boomerangs (quivered)
 h - 32 stones
 j - 22 poisoned darts
 p - 28 sling bullets
Armour
 a - a +0 robe (worn)
Jewellery
 l - an uncursed amulet of magic regeneration {unknown}
 m - a cursed ring of teleportation {unknown}
 n - an uncursed ring of ice {unknown}
Scrolls
 c - 2 scrolls of fog {unknown}
 d - a scroll of magic mapping {unknown}
 i - 2 scrolls of identify {unknown}
 o - a scroll of remove curse {unknown}
Potions
 b - 4 potions of heal wounds {unknown}
 e - a potion of haste {unknown}
 k - a potion of curing {unknown}


   Skills:
 + Level 1.0 Throwing
 + Level 2.6 Dodging
 + Level 1.9 Stealth
 + Level 3.0 Spellcasting
 + Level 5.4 Summonings


You had 2 spell levels left.
You knew the following spells:

 Your Spells              Type           Power        Failure   Level
a - Summon Small Mammal   Summ           76%          1%          1
b - Call Canine Familiar  Summ           19%          6%          3
c - Call Imp              Summ           19%          3%          2

Your spell library contained the following spells:

 Spells                   Type           Power        Failure   Level
 Summon Guardian Golem    Hex/Summ       11%          19%         3
 Summon Ice Beast         Ice/Summ       11%          52%         4
 Summon Lightning Spire   Summ/Air       11%          52%         4


Dungeon Overview and Level Annotations

Branches:
Dungeon (3/15)

Altars:


Innate Abilities, Weirdness & Mutations

You can be seen from farther away. (+LOS)
You can swim through water.
You cover ground slowly.
You can hop short distances.


Message History

The gnoll closely misses you.
The gnoll hits you with a cursed +0 flail!
You hit the gnoll.
The gnoll is moderately wounded.
Your hound bites the gnoll.
A hobgoblin comes into view.
The gnoll hits you from afar with a +0 spear.
Your hound barely misses the gnoll.
The gnoll closely misses you.
The hobgoblin shouts!
You hit the gnoll.
The gnoll is heavily wounded.
Your hound barely misses the gnoll.
The gnoll barely misses you.
Your hound bites the gnoll.
The gnoll hits you with a cursed +0 flail.
* * * LOW HITPOINT WARNING * * *
You barely miss the gnoll.
The gnoll is heavily wounded.
Your hound completely misses the gnoll.
The gnoll hits you from afar with a +0 spear!
You die...

#........ #........
. #.......# ..#
##.......# ...###.
#........###.......
#..................
##.........##.......
#...[.............#+
#......@........
#.....###.#...######
#.........#g..#
#......####...#
#.....†####...#
#.........#...# #


You could see 2 gnolls and a friendly hound (summoned).

Vanquished Creatures
  An adder (D:2)
  A ball python (D:2)
  2 bats
  A giant cockroach (D:2)
  2 goblins
  A hobgoblin (D:2)
  2 jackals (D:1)
  4 kobolds
  A quokka (D:2)
  2 frilled lizards
  2 rats
19 creatures vanquished.

Vanquished Creatures (collateral kills)
  A gnoll (D:3)
  An adder (D:1)
  A dart slug (D:1)
  A giant cockroach (D:2)
  4 goblins
  2 hobgoblins (D:1)
  3 jackals (D:1)
  A kobold (D:1)
  A bat (D:2)
  3 frilled lizards
  6 rats
24 creatures vanquished.

Vanquished Creatures (others)
  3 toadstools (D:1)
3 creatures vanquished.

Grand Total: 46 creatures vanquished

Notes
Turn   | Place    | Note
-------+----------+-------------------------------------------
     0 | D:1      | ubername the Barachi Summoner began the quest for the Orb.
     0 | D:1      | Reached XP level 1. HP: 13/13 MP: 3/3
   441 | D:1      | Reached skill level 5 in Summonings
   816 | D:1      | Reached XP level 2. HP: 19/19 MP: 0/5
  1990 | D:2      | Reached XP level 3. HP: 10/24 MP: 4/7
  2616 | D:2      | Found a faded altar of an unknown god.
  2879 | D:2      | Reached skill level 1 in Throwing
  2963 | D:2      | Learned a level 3 spell: Call Canine Familiar
  2966 | D:2      | Learned a level 2 spell: Call Imp
  3378 | D:3      | Slain by a gnoll

Illustrated notes

Levels and vault maps discovered:
D:1:      psy_arrival_conway, layout_loops_ring, minmay_gold_behind_fungi
D:2:      layout_rooms, chequers_ecumenical_altar_twisty, chequers_arboretum,
          minmay_pentomino_s2
D:3:      layout_basic, portal_sewer_entry_f, ebering_ghost_sewer_f,
          feat_on_display

Skill      XL: |  1  2  3 |
---------------+----------+-----
Summonings     | 5 |  5.4
Throwing       | 1 |  1.0
Spellcasting   | 3 |  3.0
Dodging        | |  2.6
Stealth        | |  1.9

Action                   || total
-------------------------++-------
Melee: Short sword       ||    56
       Whip              ||     4
Throw: Boomerang         ||    26
 Cast: Summon Small Mamm ||    47
       Call Canine Famil ||     4
       Call Imp          ||     1
 Stab: Distracted        ||     1
       Sleeping          ||     1
Armor: Robe              ||    20
Dodge: Dodged            ||    78
